Unix NetHack Version 5.0.0-0 post-release - last build May 23 2026 06:08:33 (1c0ff79ee797540d5714e4e18072db0edd9e58ae,branch:main).

Game began 2026-05-29 07:06:42, ended 2026-05-29 22:59:36.

7spoons, lawful female human Valkyrie

                #-       ---
              -##.-      -.-
              |....       .<     ----
              ##....-   --..      ..--
               #.....----..       -..--
              ##.......|...--    --...-----
              |.............|    |......|.--
             --.............------%...%....|    ----
             |..........................-.-------..---
             |-..........).........(.................--------   -
             -.............--....---------------................-
 |...............>.........--......---         -........---     ...|
 ---   | |..  ---.. ---..............|---     |.........-       -
         |      |     --.....--......--.--    --.--.......
                       |...---|..........----  ---|.........-
                       ---.|  --.|..))).R@..--    -.......|...
                         |.|   ------........|     ...---.|---
                         -.|        |........|    -...|  --
                          .         ---...----    -----
                         -.-          |..--
                         ---          ----
7spoons the Fighter         St:18/01 Dx:11 Co:17 In:9 Wi:11 Ch:8  Lawful
Dlvl:9  $:2214 HP:0(69) Pw:19(19) AC:-4 Xp:8 T:7039 

Latest messages:
 e - a tripe ration (2 in total).
 The gnome swings his aklys.
 The gnome misses!
 You kill the gnome!
 The gnome lord puts on a mummy wrapping.
 The gnome lord picks up a dart.
 The gnome lord picks up 3 darts.
 The pony turns into a chickatrice!
 In what direction?
 The dagger hits the chickatrice!
 In what direction?
 The dagger hits the chickatrice.
 In what direction?
 The dagger hits the chickatrice!
 In what direction?
 The dagger hits the chickatrice!
 You have no ammunition readied.
 What do you want to fire? [$bdjrG or ?*]
 Count: 4 r
 You don't have that many!  You have only 1.
 What do you want to fire? [$bdjrG or ?*]
 Count: 4 r
 You don't have that many!  You have only 1.
 What do you want to fire? [$bdjrG or ?*]
 You ready: d - 3 daggers.
 In what direction?
 The dagger hits the chickatrice!
 The chickatrice turns into a disenchanter!
 In what direction?
 In what direction?
 The dagger misses the disenchanter.
 In what direction?
 The dagger misses the disenchanter.
 You miss the disenchanter.
 The disenchanter hits!
 You miss the disenchanter.
 The disenchanter hits!
 You miss the disenchanter.
 You miss the disenchanter.
 The disenchanter hits!
 What do you want to throw? [$bjrG or ?*]
 In what direction?
 The elven dagger misses the disenchanter.
 The disenchanter hits!
 You die...
 Do you want your possessions identified? [ynq] (y)
 Do you want to see your attributes? [ynq] (y)
 Do you want an account of creatures vanquished? [ynaq] (y)
 Do you want to see your conduct and achievements? [ynq] (y)
 Do you want to see the dungeon overview? [ynq] (y)

Inventory:
 Coins    ('$')
  $ - 2214 gold pieces
 Weapons  (')')
  r - a blessed +1 dagger
  j - 5 blessed +0 daggers
  b - a +0 dagger (alternate weapon; not wielded)
  C - a +0 elven dagger (weapon in right hand)
 Armor    ('[')
  F - an uncursed +0 dwarvish iron helm (being worn)
  Y - an uncursed +0 pair of iron shoes (being worn)
  c - an uncursed +3 small shield (being worn)
  U - an uncursed +0 dwarvish cloak (being worn)
  V - an uncursed +0 dwarvish mithril-coat (being worn)
 Comestibles  ('%')
  f - 3 uncursed food rations
  g - an uncursed lembas wafer
  e - 2 uncursed tripe rations
  I - an uncursed tripe ration
  Q - an uncursed lizard corpse
 Potions  ('!')
  h - a blessed potion of acid
  m - an uncursed potion of water
 Wands    ('/')
  i - a wand of cold (0:6)
  K - a wand of digging (0:7)
  a - a wand of light (0:11)
  T - a wand of lightning (0:6)
  y - a wand of magic missile (0:4)
  D - a cursed wand of speed monster (0:7)
  s - a wand of striking (0:4)
 Tools    ('(')
  q - an uncursed bag of holding containing 9 items
  P - an uncursed blindfold
  k - an expensive camera (0:48)
  w - an uncursed magic whistle
  M - a blessed oil lamp
  p - an uncursed skeleton key

Contents of the bag of holding:
  an uncursed +0 alchemy smock with text "I'm making SCIENCE!"
  an uncursed potion of blindness
  an uncursed potion of extra healing
  a cursed potion of gain ability
  a blessed potion of invisibility
  a blessed magic lamp
  a magic marker (0:97)
  a +0 pick-axe
  an uncursed towel

7spoons the Valkyrie's attributes:

Background:
 You were a Fighter, a level 8 human Valkyrie.
 You were lawful, on a mission for Tyr
 who was opposed by Odin (neutral) and Loki (chaotic).
 You were right-handed.
 You were in the Gnomish Mines, on level 9.
 You entered the dungeon 7039 turns ago.
 It was nighttime.
 You had 2057 experience points, 503 more were needed to attain level 9.

Basics:
 You had 0 out of 69 hit points.
 You had all 19 energy points (spell power).
 Your armor class was -4.
 Your wallet contained 2214 zorkmids.
 Autopickup was off.

Final Characteristics:
 Your strength was 18/01 (peak:18/03, limit:18/100).
 Your dexterity was 11 (limit:18).
 Your constitution was 17 (limit:18).
 Your intelligence was 9 (limit:18).
 Your wisdom was 11 (limit:18).
 Your charisma was 8 (limit:18).

Final Status:
 You weren't hungry.
 You were unencumbered.
 You were wielding a dagger.
 You had basic skill with dagger and could have enhanced that.

Final Attributes:
 You were piously aligned.
 Your items were somewhat protected from fire.
 You were cold resistant.
 Your items were somewhat protected from cold.
 You were poison resistant.
 You were telepathic.
 You were stealthy.
 You were guarded.
 You were fast.
 You are dead.

Miscellaneous:
 You didn't encounter any bones levels.
 Total elapsed playing time was 1 hour, 47 minutes and 48 seconds.

Major events:
 Turn
    1: 7spoons the lawful human Valkyrie entered the dungeon
  873: found Cleaver in a shop
  945: entered the Gnomish Mines
 1534: attained the rank of Skirmisher (level 3)
 2732: attained the rank of Fighter (level 6)
 3425: reached Mine Town
 5999: entered Sokoban
 7039: killed by a chameleon imitating a disenchanter

You didn't know any spells.

Skills:
 Fighting Skills
   bare handed combat [Unskilled]
   two weapon combat  [Unskilled]
   riding             [Unskilled]
 Weapon Skills
   dagger             [Basic]
   axe                [Unskilled]
   pick-axe           [Unskilled]
   short sword        [Unskilled]
   broadsword         [Unskilled]
   long sword         [Unskilled]
   two-handed sword   [Unskilled]
   saber              [Unskilled]
   hammer             [Unskilled]
   quarterstaff       [Unskilled]
   polearms           [Unskilled]
   spear              [Basic]
   trident            [Unskilled]
   lance              [Unskilled]
   sling              [Unskilled]
 Spellcasting Skills
   attack spells      [Unskilled]
   escape spells      [Unskilled]

Voluntary challenges:
 Character rerolling was not enabled.
 You were illiterate.
 You never genocided any monsters.
 You never polymorphed an object.
 You never changed form.
 You used no wishes.
 You did not violate any of the special Sokoban rules.
Achievements:
 You entered a shop.
 You entered the Gnomish Mines.
 You attained the rank of Skirmisher.
 You attained the rank of Fighter.
 You entered Minetown.
 You entered a temple.
 You entered Sokoban.

 The Dungeons of Doom: levels 1 to 9
    Level 1:
       A sink.
    Level 2:
       A scroll shop, some fountains.
    Level 3:
       A weapon shop, a sink.
       Stairs down to The Gnomish Mines.
    Level 4:
       A potion shop.
    Level 5:
       Many fountains.
       Oracle of Delphi.
    Level 6:
       A potion shop.
       Stairs up to Sokoban, level 5.
    Level 7:
       A fountain.
    Level 8:
    Level 9:
 The Gnomish Mines: levels 4 to 9
    Level 4:
    Level 5:
    Level 6:
    Level 7:
       Many shops, a temple and an altar, some fountains.
    Level 8:
    Level 9: <- You were here.
       Final resting place for
          you, killed by a chameleon imitating a disenchanter.
 Sokoban:
    Level 5:
       Unsolved.


Vanquished creatures:
  a small mimic
 an ettin mummy
  a gelatinous cube
  a large cat
  a wraith
  2 watchmen
  a quivering blob
  4 wolves
  a leprechaun
 an orc-captain
  a giant spider
  a vampire bat
  2 gnome rulers
  2 orc mummies
  2 dwarf mummies
  a brown pudding
 an owlbear
  a werewolf
  2 lizards
  a Woodland-elf
  2 imps
  a wood nymph
  6 Mordor orcs
  3 rock piercers
  2 rock moles
  a fog cloud
  a violet fungus
  7 gnome leaders
  4 gnomish wizards
  a gray ooze
  a little dog
  3 floating eyes
  8 dwarves
  2 homunculi
 13 rothes
  3 centipedes
  a giant bat
  2 dwarf zombies
  2 wererats
  a werejackal
  3 iguanas
 10 killer bees
  2 acid blobs
  4 coyotes
  4 hobbits
  3 hobgoblins
  2 giant rats
  5 cave spiders
  3 red molds
 46 gnomes
  a gnome zombie
  2 geckos
  7 jackals
  3 foxes
  a kobold
  a goblin
  9 grid bugs
  3 bats
  a lichen
  2 kobold zombies
  5 newts
209 creatures vanquished.

No species were genocided or became extinct.

Game over:
                       ----------
                      /          \
                     /    REST    \
                    /      IN      \
                   /     PEACE      \
                  /                  \
                  |     7spoons      |
                  |     2214 Au      |
                  |   killed by a    |
                  |    chameleon     |
                  |   imitating a    |
                  |   disenchanter   |
                  |       2026       |
                 *|     *  *  *      | *
        _________)/\\_//(\/(/\)/\//\/|_)_______

Farvel 7spoons the Valkyrie...

You died in The Gnomish Mines on dungeon level 9 with 10621 points,
and 2214 pieces of gold, after 7039 moves.
You were level 8 with a maximum of 69 hit points when you died.

